 Dungeon Crawl Stone Soup version 0.20-a0-492-g6327889 (webtiles) character file.

123 Goblin1989 the Slasher (level 5, -1/41 HPs)
             Began as a Barachian Fighter on Jan 15, 2017.
             Slain by a gnoll
             ... wielding a +0 halberd
              (8 damage)
             ... on level 4 of the Dungeon.
             The game lasted 00:05:11 (1947 turns).

Goblin1989 the Slasher (Barachian Fighter)          Turns: 1947, Time: 00:05:12

Health: -1/41      AC: 14    Str: 15    XL:     5   Next: 7%
Magic:  5/5        EV:  2    Int:  7    God:
Gold:   115        SH:  8    Dex: 10    Spells: 4/4 levels left

rFire    . . .     SeeInvis .   a - +0 long sword
rCold    . . .     Gourm    .   u - +0 plate armour
rNeg     . . .     Faith    .   c - +0 shield
rPois    .         Spirit   .   (no helmet)
rElec    .         Reflect  .   (no cloak)
rCorr    .         Harm     .   (no gloves)
MR       .....                  (no boots)
Stlth    ..........             (no amulet)
Regen    0.1/turn               (no ring)
                                i - +3 ring of protection

@: slow
A: swims, slowness 1, strong legs 1
a: Hop


You were on level 4 of the Dungeon.
You were hungry.

You visited 1 branch of the dungeon, and saw 4 of its levels.

You collected 115 gold pieces.

Inventory:

Hand Weapons
 a - a +0 long sword (weapon)
Armour
 c - a +0 shield (worn)
 u - a +0 plate armour (worn)
Jewellery
 i - a +3 ring of protection (left hand)
Wands
 v - a wand of polymorph (10/24)
Scrolls
 e - 2 scrolls of enchant armour {unknown}
 g - a scroll of recharging {unknown}
 j - a scroll of fear {unknown}
 l - 2 scrolls of remove curse {unknown}
 n - a scroll of fog {unknown}
 p - a scroll of magic mapping {unknown}
 q - a scroll of immolation {unknown}
 t - 3 scrolls of identify {unknown}
 x - a scroll of amnesia {unknown}
Potions
 b - a potion of mutation {unknown}
 d - 3 potions of might
 h - 2 potions of heal wounds {unknown}
 k - 3 potions of curing {unknown}
 m - a potion of flight {unknown}
 o - a potion of haste {unknown}
 w - a potion of lignification {unknown}
Comestibles
 f - 2 bread rations {@e1}
 r - 2 fruits
 s - 2 meat rations {@e2}


   Skills:
 - Level 3.2 Fighting
 + Level 5.5 Long Blades
 - Level 3.2 Armour
 - Level 3.0 Shields


You had 4 spell levels left.
You didn't know any spells.

Dungeon Overview and Level Annotations

Branches:
Dungeon (4/15)
 Temple: D:4-7

Altars:
Cheibriados

Annotations:
D:3 Goblin1989's ghost, weakling BaFi


Innate Abilities, Weirdness & Mutations

You can swim through water.
You cover ground slowly.
You can hop short distances.


Message History

The gnoll hits you but does no damage. You block the gnoll's attack.
Your shield and plate armour prevent you from hitting the gnoll.
The gnoll is severely wounded.
You block the gnoll's attack. The gnoll hits you with a halberd!
* * * LOW HITPOINT WARNING * * *
You take 9 damage, and have 15/41 hp.
MASSIVE DAMAGE!!
Your shield and plate armour prevent you from hitting the gnoll.
The gnoll is severely wounded.
The gnoll hits you but does no damage. The gnoll hits you with a halberd.
* * * LOW HITPOINT WARNING * * *
You take 6 damage, and have 9/41 hp.
You hit the gnoll but do no damage.
The gnoll is severely wounded.
You block the gnoll's attack. The gnoll hits you with a halberd.
* * * LOW HITPOINT WARNING * * *
You take 2 damage, and have 7/41 hp.
You closely miss the gnoll.
The gnoll is severely wounded.
The gnoll hits you from afar with a halberd!
You die...

█.........█
█.(.......█ ..
█.........█
█...████.........█
█.............<█


█████(██████████ █.█ █.█████.█ █..gg@/.█ ....█████.█ . █..█ █.... █....█ ███...█
████ You could see 2 gnolls.

Vanquished Creatures
  Ijyb (D:3)
  A gnoll (D:4)
  An adder (D:3)
  2 worms
  A dart slug (D:3)
  A leopard gecko (D:1)
  An orc (D:3)
  A ball python (D:2)
  11 bats
  3 giant cockroaches
  7 goblins
  13 hobgoblins
  5 jackals (D:1)
  6 kobolds (D:1)
  3 frilled lizards (D:1)
  6 rats
63 creatures vanquished.

Notes
Turn   | Place    | Note
-------+----------+-------------------------------------------
     0 | D:1      | Goblin1989 the Barachian Fighter began the quest for the Orb.
     0 | D:1      | Reached XP level 1. HP: 18/18 MP: 1/1
    47 | D:1      | Reached XP level 2. HP: 21/24 MP: 2/2
    99 | D:1      | Reached skill level 3 in Long Blades
   231 | D:1      | Reached XP level 3. HP: 29/29 MP: 3/3
   434 | D:1      | Reached skill level 4 in Long Blades
  1099 | D:2      | Reached XP level 4. HP: 27/35 MP: 4/4
  1273 | D:3      | Noticed Ijyb
  1273 | D:3      | Noticed Goblin1989's ghost (weakling BaFi)
  1335 | D:3      | Found a snail-covered altar of Cheibriados.
  1425 | D:3      | Reached skill level 5 in Long Blades
  1455 | D:4      | Noticed an eye of draining
  1462 | D:3      | Killed Ijyb
  1939 | D:4      | Reached XP level 5. HP: 36/41 MP: 5/5
  1947 | D:4      | Slain by a gnoll

Vault maps used:
D:1:      grunt_arrival_lava_bath, minmay_surrounded
D:3:      kennysheep_slug_shrine, uniq_terence, uniq_iyjb, uniq_sigmund
D:4:      kennysheep_little_box, minmay_gold_behind_fungi

Skill      XL: |  1  2  3  4 |
---------------+-------------+-----
Long Blades    | 3 4 5 |  5.5
Fighting       | |  3.2
Armour         | |  3.2
Shields        | |  3.0

Action                   |  1- 3 |  4- 6 || total
-------------------------+-------+-------++-------
Melee: Long sword        |   158 |    81 ||   239
 Abil: Hop               |       |     1 ||     1
  Eat: Chunk             |     2 |     2 ||     4
Armor: Scale mail        |    89 |     8 ||    97
       Plate armour      |       |    66 ||    66
Dodge: Dodged            |    52 |    12 ||    64
Block: Shield            |    77 |    49 ||   126
       Rpst.: Long sword |    18 |     4 ||    22

Vault maps used:
D:1:      grunt_arrival_lava_bath, minmay_surrounded
D:3:      kennysheep_slug_shrine, uniq_terence, uniq_iyjb, uniq_sigmund
D:4:      kennysheep_little_box, minmay_gold_behind_fungi
